[Event "K21"]
[Site "?"]
[Date "2024.07.28"]
[Round "1"]
[White "Reichmann, Steffen"]
[Black "Feierfeil, Jiri"]
[Result "1-0"]
[ECO "B25"]
[WhiteElo "1951"]
[BlackElo "1738"]
[Annotator ",martin-koller@seznam"]
[PlyCount "109"]
[TimeControl "240+2"]

{600MB, Fritz10.ctg} 1. e4 c5 2. Nc3 Nc6 3. g3 Nf6 4. Bg2 g6 5. f4 d6 6. d3 Bg7
7. Nf3 Qc7 8. O-O a6 9. Be3 e6 10. h3 O-O 11. g4 Rb8 12. Qd2 Nd7 13. f5 Nd4 14.
Bh6 Nxf3+ 15. Bxf3 b5 16. g5 b4 17. Bxg7 Kxg7 18. Ne2 exf5 19. exf5 f6 20. Nf4
Ne5 21. gxf6+ Kh8 22. fxg6 Rxf6 23. Be4 Bb7 24. Nd5 Rxg6+ 25. Bxg6 Bxd5 26. Be4
Be6 27. Qh6 Qe7 28. Qf6+ Qxf6 29. Rxf6 Re8 30. Raf1 Kg7 31. R6f2 Bxh3 32. Bg2
Be6 33. Kh1 a5 34. Rg1 Ng4 35. Re2 h5 36. Bf3 Kf6 37. Bxg4 hxg4 38. Rf1+ Kg6
39. Kg1 Kg5 40. Re4 Re7 41. Rff4 d5 42. Rxg4+ Kf5 43. Ref4+ Ke5 44. Rh4 Rg7+
45. Kf2 Rg5 46. Rf8 d4 47. Re4+ Kd6 48. Ra8 Bd5 49. Ra6+ Bc6 50. Rh4 Rg6 51.
Rxa5 Rg2+ 52. Kf1 Rxc2 53. Ra6 c4 54. Rh6+ Kd5 55. Ra5+ 1-0

[Event "M21"]
[Site "?"]
[Date "2024.07.28"]
[Round "2"]
[White "Kalisky, Vladimir"]
[Black "Hartwig, Maik"]
[Result "1-0"]
[ECO "A35"]
[WhiteElo "2128"]
[BlackElo "1999"]
[Annotator ",martin-koller@seznam"]
[PlyCount "67"]
[TimeControl "240+2"]

{600MB, Fritz10.ctg} 1. Nf3 g6 2. c4 Bg7 3. Nc3 c5 4. e3 Nc6 5. d4 cxd4 6. exd4
d6 7. d5 Nb8 8. h3 Nf6 9. Bd3 Na6 10. O-O Nc5 11. Bc2 a5 12. Be3 b6 13. Qd2 O-O
14. Rfd1 Bd7 15. Rac1 Qc8 16. Nd4 Re8 17. b3 a4 18. b4 Na6 19. Nxa4 Qb7 20. Nc6
b5 21. Nb6 bxc4 22. Na5 Qc7 23. Naxc4 Rab8 24. a4 Nxd5 25. Nxd5 Qxc4 26. Bxg6
Qh4 27. Bg5 Bh6 28. Bxh7+ Kh8 29. Qc3+ Bg7 30. Bxh4 Bxc3 31. Rxc3 Kxh7 32. Bxe7
Bxa4 33. Rd4 Rxe7 34. Rg3 1-0

[Event "M21"]
[Site "?"]
[Date "2024.07.28"]
[Round "2"]
[White "Sokolovsky, Jakub"]
[Black "Hentzgen, Thomas"]
[Result "1/2-1/2"]
[ECO "B33"]
[WhiteElo "2032"]
[BlackElo "1964"]
[Annotator ",martin-koller@seznam"]
[PlyCount "38"]
[TimeControl "240+2"]

{600MB, Fritz10.ctg} 1. e4 c5 2. Nf3 Nc6 3. d4 cxd4 4. Nxd4 Nf6 5. Nc3 e5 6.
Ndb5 d6 7. Bg5 a6 8. Na3 b5 9. Nd5 Be7 10. Bxf6 Bxf6 11. c3 Bb7 12. Nc2 Nb8 13.
Nce3 O-O 14. h4 Nd7 15. g3 Nb6 16. Be2 Nxd5 17. Nxd5 Be7 18. O-O Bxd5 19. Qxd5
Qb6 1/2-1/2

[Event "M21"]
[Site "?"]
[Date "2024.07.28"]
[Round "2"]
[White "Vavrinec, Tomas"]
[Black "Hanl, Frantisek"]
[Result "0-1"]
[ECO "A25"]
[WhiteElo "1933"]
[BlackElo "2098"]
[Annotator ",martin-koller@seznam"]
[PlyCount "58"]
[TimeControl "240+2"]

{600MB, Fritz10.ctg} 1. Nf3 Nc6 2. c4 e5 3. Nc3 g6 4. g3 Bg7 5. Bg2 Nge7 6. O-O
O-O 7. Rb1 a5 8. a3 d6 9. b4 axb4 10. axb4 f5 11. b5 Na5 12. e4 fxe4 13. Nxe4
Nxc4 14. Qb3 d5 15. Nc3 Kh8 16. d3 Nb6 17. Re1 Qd6 18. Bb2 Be6 19. Ng5 Bg8 20.
Qd1 h6 21. Nf3 Kh7 22. Qe2 Nf5 23. Ra1 Nd4 24. Nxd4 exd4 25. Nb1 Rxa1 26. Bxa1
Bf7 27. Qg4 Qb4 28. Rf1 Qxb5 29. Bxd4 Qb4 0-1

[Event "M21"]
[Site "?"]
[Date "2024.07.28"]
[Round "2"]
[White "Schambach, Frank"]
[Black "Adelmayer, Matti"]
[Result "0-1"]
[ECO "B15"]
[WhiteElo "1942"]
[BlackElo "1980"]
[Annotator ",martin-koller@seznam"]
[PlyCount "64"]
[TimeControl "240+2"]

{600MB, Fritz10.ctg} 1. e4 c6 2. d4 d5 3. Nc3 dxe4 4. Nxe4 Nf6 5. Ng3 h5 6. Bc4
Bg4 7. f3 h4 8. N3e2 Bf5 9. Bd3 Nbd7 10. Bxf5 Qa5+ 11. Nc3 Qxf5 12. Nh3 O-O-O
13. Qe2 e5 14. dxe5 Nxe5 15. O-O Bc5+ 16. Kh1 Nh5 17. Ne4 Bb6 18. a4 Ng6 19.
Be3 Bc7 20. Qc4 Ngf4 21. Nxf4 Nxf4 22. Rad1 Nd5 23. Qd3 Nxe3 24. Qxe3 Qe5 25.
Qg1 f5 26. Nc3 Rhe8 27. g3 hxg3 28. Qxg3 Qe3 29. Qg2 Rh8 30. h3 g5 31. Ne2 g4
32. fxg4 Rxh3+ 0-1

[Event "M21"]
[Site "?"]
[Date "2024.07.28"]
[Round "2"]
[White "Novak, Jindrich"]
[Black "Dome, Michal"]
[Result "1/2-1/2"]
[ECO "D56"]
[WhiteElo "2011"]
[BlackElo "1932"]
[Annotator ",martin-koller@seznam"]
[PlyCount "140"]
[TimeControl "240+2"]

{600MB, Fritz10.ctg} 1. d4 d5 2. Nf3 Nf6 3. c4 e6 4. Nc3 Be7 5. Bg5 O-O 6. e3
h6 7. Bh4 Ne4 8. Bxe7 Qxe7 9. Bd3 Nxc3 10. bxc3 Nd7 11. O-O c6 12. a4 dxc4 13.
Bxc4 e5 14. a5 e4 15. Nd2 Nf6 16. Bb3 Bg4 17. Qb1 Rfe8 18. Bd1 Bxd1 19. Qxd1 b5
20. axb6 axb6 21. Qb3 Qc7 22. Nc4 Nd5 23. Ne5 f6 24. c4 fxe5 25. cxd5 Qf7 26.
Rxa8 Rxa8 27. dxe5 cxd5 28. Qxb6 Re8 29. Qd6 Qe6 30. Rd1 Qxe5 31. Qxd5+ Qxd5
32. Rxd5 Kf7 33. Rd6 Re5 34. g3 Ra5 35. Kg2 Rb5 36. g4 h5 37. h3 hxg4 38. hxg4
Ra5 39. Kg3 g5 40. Rb6 Rc5 41. Kg2 Ra5 42. Rc6 Rb5 43. Ra6 Rc5 44. Kf1 Rb5 45.
Ra4 Re5 46. Ke2 Re8 47. Kd2 Kf6 48. Ra6+ Kg7 49. Kc3 Rf8 50. Ra2 Rd8 51. Kc4
Kg6 52. Ra6+ Kg7 53. Ra5 Kg6 54. Rd5 Rf8 55. Rd6+ Kg7 56. Kd4 Rxf2 57. Kxe4 Rf1
58. Ke5 Rf3 59. Rd3 Kg6 60. Ra3 Rg3 61. Ra6+ Kg7 62. e4 Rxg4 63. Rb6 Kf7 64.
Rf6+ Ke7 65. Rh6 Rh4 66. Rg6 g4 67. Rg7+ Kf8 68. Rg5 Rh6 69. Kf5 Ra6 70. Rxg4
Kf7 1/2-1/2

[Event "K21"]
[Site "?"]
[Date "2024.07.28"]
[Round "2"]
[White "Plesnivy, Martin"]
[Black "Suchy, Ladislav"]
[Result "1-0"]
[ECO "E51"]
[WhiteElo "1869"]
[BlackElo "1856"]
[Annotator ",martin-koller@seznam"]
[PlyCount "39"]
[TimeControl "240+2"]

{600MB, Fritz10.ctg} 1. d4 d5 2. Nf3 Nf6 3. c4 e6 4. Nc3 Bb4 5. Bd2 O-O 6. e3
Nc6 7. Bd3 dxc4 8. Bxc4 a6 9. O-O e5 10. Nxe5 Nxe5 11. dxe5 Ng4 12. e6 Nxh2 13.
exf7+ Kh8 14. Kxh2 Qh4+ 15. Kg1 Bd6 16. f4 Bg4 17. Be2 Be6 18. Ne4 Rad8 19.
Nxd6 Rxd6 20. Qe1 1-0

[Event "K21"]
[Site "?"]
[Date "2024.07.28"]
[Round "2"]
[White "Roubik, Vit"]
[Black "Nelson, Wayne"]
[Result "1/2-1/2"]
[ECO "D79"]
[WhiteElo "1813"]
[BlackElo "1886"]
[Annotator ",martin-koller@seznam"]
[PlyCount "48"]
[TimeControl "240+2"]

{600MB, Fritz10.ctg} 1. d4 c6 2. c4 d5 3. g3 Nf6 4. Bg2 g6 5. Nf3 Bg7 6. O-O
O-O 7. cxd5 cxd5 8. Nc3 Nc6 9. h3 a6 10. a3 b5 11. b4 Bb7 12. Bb2 Rc8 13. Ne1
Re8 14. Nd3 e6 15. Nc5 Qb6 16. e3 Red8 17. Rc1 Ne8 18. Nb1 Nd6 19. Nd2 a5 20.
Bc3 axb4 21. axb4 Ra8 22. Ra1 Rxa1 23. Qxa1 Ra8 24. Qb2 Qa7 1/2-1/2

[Event "K21"]
[Site "?"]
[Date "2024.07.28"]
[Round "2"]
[White "Feierfeil, Jiri"]
[Black "Adelmeyer, Nelly"]
[Result "1-0"]
[ECO "D02"]
[WhiteElo "1738"]
[BlackElo "1846"]
[Annotator ",martin-koller@seznam"]
[PlyCount "113"]
[TimeControl "240+2"]

{600MB, Fritz10.ctg} 1. d4 d5 2. Nf3 Nf6 3. Bf4 Bf5 4. Nbd2 e6 5. e3 Be7 6. Be2
O-O 7. Nh4 Bg6 8. Nxg6 fxg6 9. O-O Bd6 10. Bg5 e5 11. dxe5 Bxe5 12. c3 c6 13.
Nf3 Bd6 14. Qb3 Qc7 15. c4 dxc4 16. Bxc4+ Kh8 17. h3 Nbd7 18. Rac1 Ne4 19. Bh4
Ne5 20. Nd4 Nd2 21. Ne6 Nxb3 22. Nxc7 Nxc1 23. Nxa8 Nxa2 24. Bxa2 Rxa8 25. Rd1
g5 26. Bxg5 Bc5 27. Bf4 Ng6 28. Bg3 Nf8 29. Kf1 Be7 30. e4 c5 31. Bd5 Rd8 32.
Ke2 Bf6 33. e5 Be7 34. f4 g6 35. Be1 b6 36. g4 Re8 37. Bc6 Rc8 38. Bd5 Re8 39.
Bc3 h6 40. f5 Bf6 41. e6 Kg7 42. Bc6 Re7 43. Bd5 Bxc3 44. bxc3 gxf5 45. gxf5
Kf6 46. Rf1 Nd7 47. Be4 Ne5 48. Rd1 Re8 49. Ke3 Rg8 50. Kf4 Rg7 51. Rd8 Nc4 52.
Rf8+ Ke7 53. Rh8 a5 54. Bd5 Nd6 55. Rxh6 Kf8 56. f6 Rg8 57. e7+ 1-0

[Event "K21"]
[Site "?"]
[Date "2024.07.28"]
[Round "2"]
[White "Artamonov, Mikhail"]
[Black "Smisek, Robin"]
[Result "0-1"]
[ECO "C44"]
[WhiteElo "1800"]
[BlackElo "1653"]
[Annotator ",martin-koller@seznam"]
[PlyCount "92"]
[TimeControl "240+2"]

{600MB, Fritz10.ctg} 1. e4 e5 2. Nf3 Nc6 3. d4 exd4 4. c3 dxc3 5. Bc4 h6 6.
Nxc3 Bb4 7. O-O Bxc3 8. bxc3 Nge7 9. e5 O-O 10. Qd3 d6 11. exd6 Qxd6 12. Qxd6
cxd6 13. Rd1 Rd8 14. Ba3 d5 15. Bb3 Be6 16. Re1 Ng6 17. Bc2 Bg4 18. Nd4 Nxd4
19. cxd4 Rac8 20. Bb3 Nf4 21. f3 Be6 22. Be7 Rd7 23. Ba3 Ng6 24. Rac1 Rdc7 25.
Rxc7 Rxc7 26. Kf2 Nf8 27. f4 Nd7 28. f5 Bxf5 29. Bxd5 Nf6 30. Bb3 Rd7 31. Re7
Rxe7 32. Bxe7 Be6 33. Bxf6 Bxb3 34. axb3 gxf6 35. Kf3 Kf8 36. Ke4 Ke7 37. Kd5
Kd7 38. b4 Kc7 39. Kc5 a6 40. b5 axb5 41. Kxb5 Kd6 42. Kb6 Kd5 43. Kxb7 Kxd4
44. Kc6 Ke3 45. Kd5 h5 46. g3 Kf3 0-1

[Event "M21"]
[Site "?"]
[Date "2024.07.29"]
[Round "3"]
[White "Hentzgen, Thomas"]
[Black "Kalisky, Vladimir"]
[Result "0-1"]
[ECO "E71"]
[WhiteElo "1964"]
[BlackElo "2128"]
[Annotator ",martin-koller@seznam"]
[PlyCount "124"]
[TimeControl "240+2"]

{600MB, Fritz10.ctg} 1. c4 Nf6 2. Nc3 g6 3. e4 d6 4. d4 Bg7 5. h3 O-O 6. Bg5 c5
7. d5 h6 8. Be3 e6 9. Bd3 Nbd7 10. Nf3 exd5 11. exd5 Re8 12. O-O a6 13. Qd2 Kh7
14. Rfe1 b6 15. Bf4 Nf8 16. Rxe8 Nxe8 17. Re1 Ra7 18. Qe3 Nf6 19. Nd2 Nh5 20.
Bh2 f5 21. Qe8 Qc7 22. Nf1 Nf6 23. Qe2 Qd8 24. Nd2 Rf7 25. Kf1 Qc7 26. Nf3 N8d7
27. Kg1 Bf8 28. Qd2 Qd8 29. Kf1 Re7 30. Qd1 Qe8 31. Rxe7+ Qxe7 32. Qe2 Qxe2+
33. Kxe2 Kg7 34. Kd2 Kf7 35. Kc2 Ne8 36. a4 Bg7 37. Bg3 Ne5 38. Nxe5+ dxe5 39.
f3 Nd6 40. Bf2 a5 41. Bg3 Bd7 42. b3 Bf6 43. Kd2 Bg5+ 44. Ke2 Kf6 45. Nd1 Bc1
46. Nc3 h5 47. Bh2 Bb2 48. Kd2 g5 49. Kc2 Bxc3 50. Kxc3 f4 51. Bg1 g4 52. hxg4
hxg4 53. Bf2 g3 54. Bg1 Bf5 55. Kd2 Bxd3 56. Kxd3 Ke7 57. Ke2 Nf5 58. Ke1 Nh4
59. Kf1 Kd6 60. Ke2 Nxg2 61. Kd2 Nh4 62. Ke2 Kd7 0-1

[Event "M21"]
[Site "?"]
[Date "2024.07.29"]
[Round "3"]
[White "Hartwig, Maik"]
[Black "Schambach, Frank"]
[Result "1-0"]
[ECO "A01"]
[WhiteElo "1999"]
[BlackElo "1942"]
[Annotator ",martin-koller@seznam"]
[PlyCount "109"]
[TimeControl "240+2"]

{600MB, Fritz10.ctg} 1. b3 e5 2. Bb2 Nc6 3. e4 Bc5 4. Nf3 d6 5. Bb5 Nf6 6. Nc3
Bd7 7. Bxc6 Bxc6 8. d3 a6 9. O-O O-O 10. h3 Qe7 11. Qd2 h6 12. Rae1 Rfe8 13.
Ne2 Rad8 14. c4 Nh5 15. g4 Nf6 16. Ng3 Bd7 17. Kg2 Nh7 18. d4 exd4 19. Nxd4
Bxd4 20. Bxd4 Ng5 21. f3 Ne6 22. Nf5 Qf8 23. Be3 Nc5 24. Kh2 Bxf5 25. gxf5 f6
26. Rg1 Kh8 27. Rg3 Re7 28. Reg1 Nd7 29. Qd5 c6 30. Qxd6 Ne5 31. Qb4 Qe8 32.
Bxh6 Nxf3+ 33. Rxf3 gxh6 34. Rfg3 Qd7 35. R1g2 Qc7 36. Qc3 Rf8 37. Qe3 Rh7 38.
Kh1 Qe5 39. Rg6 Re8 40. Rxh6 Qa1+ 41. Rg1 Qe5 42. Rxh7+ Kxh7 43. Qf3 Qxe4 44.
Qxe4 Rxe4 45. Rg6 Re1+ 46. Kg2 Re2+ 47. Kg3 Rxa2 48. Rxf6 Ra3 49. Rf7+ Kg8 50.
Rxb7 a5 51. Kf4 a4 52. bxa4 Rxa4 53. Kg5 Rxc4 54. Kg6 Kf8 55. f6 1-0

[Event "M21"]
[Site "?"]
[Date "2024.07.29"]
[Round "3"]
[White "Hanl, Frantisek"]
[Black "Sokolovsky, Jakub"]
[Result "1/2-1/2"]
[ECO "B59"]
[WhiteElo "2098"]
[BlackElo "2032"]
[Annotator ",martin-koller@seznam"]
[PlyCount "43"]
[TimeControl "240+2"]

{600MB, Fritz10.ctg} 1. e4 c5 2. Nf3 d6 3. d4 cxd4 4. Nxd4 Nf6 5. Nc3 Nc6 6.
Be2 e5 7. Nb3 Be7 8. Be3 O-O 9. g4 Be6 10. g5 Nd7 11. h4 a5 12. a4 Nc5 13. Nxc5
dxc5 14. Nd5 Bxd5 15. exd5 Nd4 16. Bc4 Nf5 17. Qd3 Nxe3 18. Qxe3 Bd6 19. O-O-O
f5 20. Kb1 Kh8 21. f3 Qe7 22. Rde1 1/2-1/2

[Event "M21"]
[Site "?"]
[Date "2024.07.29"]
[Round "3"]
[White "Dome, Michal"]
[Black "Vavrinec, Tomas"]
[Result "1/2-1/2"]
[ECO "C02"]
[WhiteElo "1932"]
[BlackElo "1933"]
[Annotator ",martin-koller@seznam"]
[PlyCount "175"]
[TimeControl "240+2"]

{600MB, Fritz10.ctg} 1. e4 e6 2. d4 d5 3. e5 c5 4. c3 Qb6 5. Nf3 Nc6 6. a3 Nh6
7. Bd3 cxd4 8. O-O Bd7 9. b4 Rc8 10. Bb2 Na5 11. cxd4 Nc4 12. Bxc4 Rxc4 13.
Nbd2 Rc8 14. Rc1 Rxc1 15. Qxc1 Be7 16. Nb3 O-O 17. Qd2 Bb5 18. Rc1 Bc4 19. Nc5
Qc6 20. h3 b6 21. Nd3 Qd7 22. Nf4 Rc8 23. Nh5 Qd8 24. Rc2 Ba6 25. Rxc8 Qxc8 26.
Bc1 Qc4 27. Nxg7 Nf5 28. Nxf5 exf5 29. Kh2 Qc6 30. Qf4 Bd3 31. Ne1 Be4 32. Qg3+
Qg6 33. Qc3 Bh4 34. g3 Bg5 35. Bxg5 Qxg5 36. Qe3 Qxe3 37. fxe3 Kf8 38. Kg1 Ke7
39. Kf2 Kd7 40. a4 Bb1 41. Ke2 Ba2 42. Nd3 Bb3 43. Nb2 Bc2 44. Kd2 Bb1 45. Nd1
Be4 46. Ke2 Kc6 47. Nc3 Bg2 48. Kf2 Bh1 49. Nb5 a5 50. bxa5 bxa5 51. Nc3 Kd7
52. g4 fxg4 53. hxg4 Ke6 54. Kg3 f6 55. exf6 Kxf6 56. Kf4 h6 57. Nb5 Bg2 58.
Na7 Be4 59. Nc6 Bc2 60. Nxa5 Bxa4 61. Nb7 Bc2 62. Nc5 Bb1 63. Nb3 Bc2 64. Nd2
Bd3 65. Nf3 Bc2 66. Ne5 Ba4 67. Kg3 Kg5 68. Nf3+ Kf6 69. Kh4 Be8 70. Ne5 Ke6
71. g5 hxg5+ 72. Kxg5 Ba4 73. Nd3 Bc2 74. Nc5+ Kd6 75. Kf6 Bb1 76. Nb7+ Kc6 77.
Nd8+ Kb5 78. Ke5 Kc4 79. Ne6 Be4 80. Nf4 Bf3 81. Kd6 Be4 82. Ke5 Bf3 83. Nxd5
Bxd5 84. e4 Bg8 85. d5 Kc5 86. Kf6 Bxd5 87. e5 Kc6 88. e6 1/2-1/2

[Event "K21"]
[Site "?"]
[Date "2024.07.29"]
[Round "3"]
[White "Suchy, Ladislav"]
[Black "Roubik, Vit"]
[Result "1/2-1/2"]
[ECO "B34"]
[WhiteElo "1856"]
[BlackElo "1813"]
[Annotator ",martin-koller@seznam"]
[PlyCount "32"]
[TimeControl "240+2"]

{600MB, Fritz10.ctg} 1. e4 c5 2. Nf3 Nc6 3. d4 cxd4 4. Nxd4 g6 5. Be3 Nf6 6.
Nc3 Bg7 7. Be2 O-O 8. Qd2 d5 9. Nxc6 bxc6 10. Rd1 Bb7 11. e5 Nd7 12. f4 e6 13.
Na4 a5 14. Nc5 Qc7 15. O-O Rfd8 16. Bg4 d4 1/2-1/2

[Event "K21"]
[Site "?"]
[Date "2024.07.29"]
[Round "3"]
[White "Adelmeyer, Nelly"]
[Black "Plesnivy, Martin"]
[Result "1-0"]
[ECO "D05"]
[WhiteElo "1846"]
[BlackElo "1869"]
[Annotator ",martin-koller@seznam"]
[PlyCount "87"]
[TimeControl "240+2"]

{600MB, Fritz10.ctg} 1. d4 d5 2. Nf3 Nf6 3. e3 e6 4. Bd3 c5 5. b3 Nc6 6. a3 Bd6
7. Bb2 cxd4 8. exd4 Qc7 9. O-O O-O 10. Re1 Re8 11. Ne5 Bxe5 12. dxe5 Nd7 13. f4
Nc5 14. Re3 Nxd3 15. Rxd3 Ne7 16. Bd4 Bd7 17. Nd2 Rac8 18. c4 dxc4 19. Nxc4 Bb5
20. Rc3 Bxc4 21. Rxc4 Qb8 22. Rac1 Rxc4 23. Rxc4 Rd8 24. Qc2 b5 25. Rc7 Nd5 26.
Rxa7 Nxf4 27. Qe4 Nd5 28. Qf3 Rf8 29. Bc5 f5 30. exf6 Rxf6 31. Qg4 Rg6 32. Qe4
Qc8 33. b4 Rf6 34. Qd3 h6 35. Qxb5 Kh8 36. Qd7 Qg8 37. Qb7 Nc3 38. h3 Ne2+ 39.
Kh2 Kh7 40. Qe4+ Rg6 41. Qxe2 Qb8+ 42. Kh1 Qf4 43. Be3 Qe4 44. Qf2 1-0

[Event "K21"]
[Site "?"]
[Date "2024.07.29"]
[Round "3"]
[White "Spindler, Markus"]
[Black "Feierfeil, Jiri"]
[Result "1-0"]
[ECO "B22"]
[WhiteElo "1901"]
[BlackElo "1738"]
[Annotator ",martin-koller@seznam"]
[PlyCount "77"]
[TimeControl "240+2"]

{600MB, Fritz10.ctg} 1. e4 c5 2. c3 Nc6 3. Nf3 d5 4. exd5 Qxd5 5. d4 e6 6. Be3
Nf6 7. Nbd2 Ng4 8. h3 Nxe3 9. fxe3 cxd4 10. Bc4 Qd8 11. exd4 Be7 12. O-O O-O
13. Qe2 b6 14. Rad1 a6 15. Rde1 Qc7 16. Ne4 h6 17. Kh1 b5 18. Bd3 Bb7 19. b4
Rad8 20. Bc2 Bc8 21. Bb3 Rfe8 22. Qf2 f5 23. Nc5 Bxc5 24. dxc5 Kh8 25. Qh4 Qe7
26. Qxe7 Rxe7 27. Rd1 Rde8 28. Rd6 Bb7 29. Re1 e5 30. Nh4 Rc7 31. Nxf5 e4 32.
Re3 Re5 33. Ng3 Rce7 34. Bd5 Rxd5 35. Rxd5 Na7 36. Rd4 Kh7 37. Nxe4 Nc8 38.
Nf6+ Kg6 39. Rxe7 1-0

[Event "K21"]
[Site "?"]
[Date "2024.07.29"]
[Round "3"]
[White "Smisek, Robin"]
[Black "Reichmann, Steffen"]
[Result "0-1"]
[ECO "B08"]
[WhiteElo "1653"]
[BlackElo "1951"]
[Annotator ",martin-koller@seznam"]
[PlyCount "118"]
[TimeControl "240+2"]

{600MB, Fritz10.ctg} 1. e4 d6 2. d4 Nf6 3. Nc3 g6 4. Nf3 Bg7 5. h3 O-O 6. Be3
c6 7. Bc4 Nxe4 8. Bxf7+ Rxf7 9. Nxe4 Bf5 10. Ng3 Bd7 11. O-O Na6 12. Qd2 Qc7
13. Rab1 Rd8 14. c4 e5 15. Rfc1 Rff8 16. Ng5 c5 17. d5 Qc8 18. a3 Bf5 19. N5e4
Qd7 20. Bg5 Rb8 21. b4 b6 22. b5 Nc7 23. a4 Ne8 24. Rb3 Nf6 25. Bxf6 Bxf6 26.
Nxf5 gxf5 27. Nxf6+ Rxf6 28. Rg3+ Rg6 29. Rxg6+ hxg6 30. Qh6 Qg7 31. Qxg7+ Kxg7
32. a5 e4 33. axb6 Rxb6 34. Ra1 Rb7 35. Ra6 Rd7 36. f4 exf3 37. gxf3 g5 38. Kf2
Kf6 39. Ke3 Ke5 40. Rc6 Rh7 41. Ra6 f4+ 42. Kd3 Rxh3 43. Rxa7 Rxf3+ 44. Kc2 Kd4
45. b6 Rc3+ 46. Kd2 Rb3 47. b7 Rb2+ 48. Kc1 Rb4 49. Kd2 g4 50. Ke2 Rb2+ 51. Kf1
g3 52. Kg1 f3 53. Ra1 Rxb7 54. Rc1 Rb2 55. Kh1 Rh2+ 56. Kg1 f2+ 57. Kf1 Rh1+
58. Ke2 Rxc1 59. Kd2 Re1 0-1

[Event "K21"]
[Site "?"]
[Date "2024.07.29"]
[Round "3"]
[White "Nelson, Wayne"]
[Black "Artamonov, Mikhail"]
[Result "1-0"]
[ECO "A48"]
[WhiteElo "1886"]
[BlackElo "1800"]
[Annotator ",martin-koller@seznam"]
[PlyCount "185"]
[TimeControl "240+2"]

{600MB, Fritz10.ctg} 1. d4 Nf6 2. Nf3 d6 3. Bf4 g6 4. Nc3 Bg7 5. Qd2 O-O 6. Bh6
c5 7. Bxg7 Kxg7 8. O-O-O cxd4 9. Nxd4 Nc6 10. e4 Qb6 11. f3 Bd7 12. g4 Nxd4 13.
Qxd4 Qxd4 14. Rxd4 g5 15. Bc4 Rfc8 16. Bb3 b5 17. Rhd1 Rc7 18. Kb1 a5 19. a4 b4
20. Nd5 Nxd5 21. Rxd5 f6 22. R5d2 Rac8 23. Rh1 h6 24. h4 Rh8 25. Rdh2 Rcc8 26.
Kc1 Rcf8 27. Kd2 Rb8 28. hxg5 fxg5 29. Ke3 Rbf8 30. Rd1 Bc6 31. Rd3 Rf4 32. Ke2
Rhf8 33. c3 bxc3 34. Rxc3 Bb7 35. Rc7 Ba6+ 36. Kd2 Rxf3 37. Rxe7+ Kg6 38. Re6+
R3f6 39. Rxf6+ Kxf6 40. Rxh6+ Ke7 41. Bd5 Bc8 42. Rh7+ Kd8 43. Rg7 Bxg4 44.
Rxg5 Bd7 45. b3 Kc7 46. Rg7 Kd8 47. Bc4 Rf3 48. Rg5 Bc6 49. Bd3 Rf2+ 50. Ke3
Rb2 51. Bc4 Rb1 52. Kd4 Re1 53. Bd3 Kc7 54. Rxa5 Kb7 55. Rg5 Ra1 56. Kc3 Kb6
57. Rg6 Kc7 58. Rg5 Kb6 59. e5 dxe5 60. Rxe5 Rc1+ 61. Kb4 Rd1 62. Bb5 Bxb5 63.
Rxb5+ Ka6 64. Rc5 Rd6 65. Rc3 Kb6 66. Ka3 Rd1 67. Rh3 Rd5 68. b4 Ka6 69. Kb3
Rd6 70. Rh5 Rg6 71. Rc5 Rg3+ 72. Rc3 Rg6 73. Rd3 Kb7 74. a5 Ka8 75. b5 Rg4 76.
Rc3 Rg5 77. Kb4 Kb7 78. a6+ Kb6 79. Rc6+ Ka7 80. Rc7+ Ka8 81. Ka5 Rg8 82. Kb6
Rb8+ 83. Kc6 Rg8 84. b6 Kb8 85. Rd7 Rh8 86. b7 Rg8 87. Rd6 Ka7 88. Kc7 Rh8 89.
Rd8 Rh7+ 90. Kc8 Kb6 91. b8=Q+ Kc6 92. Rd6+ Kc5 93. Qb6+ 1-0

[Event "M21"]
[Site "?"]
[Date "2024.07.30"]
[Round "4"]
[White "Hartwig, Maik"]
[Black "Hentzgen, Thomas"]
[Result "1/2-1/2"]
[ECO "D31"]
[WhiteElo "1999"]
[BlackElo "1964"]
[Annotator ",martin-koller@seznam"]
[PlyCount "25"]
[TimeControl "240+2"]

{600MB, Fritz10.ctg} 1. d4 e6 2. c4 d5 3. Nc3 a6 4. cxd5 exd5 5. Nf3 h6 6. Bf4
Nf6 7. e3 Bd6 8. Bxd6 Qxd6 9. Qc2 O-O 10. Bd3 Re8 11. h3 Be6 12. O-O Nbd7 13.
Rac1 1/2-1/2

[Event "M21"]
[Site "?"]
[Date "2024.07.30"]
[Round "4"]
[White "Schambach, Frank"]
[Black "Novak, Jindrich"]
[Result "0-1"]
[ECO "C66"]
[WhiteElo "1942"]
[BlackElo "2011"]
[Annotator ",martin-koller@seznam"]
[PlyCount "96"]
[TimeControl "240+2"]

{600MB, Fritz10.ctg} 1. e4 d6 2. d4 e5 3. Nf3 Nc6 4. Bb5 Bd7 5. O-O Nf6 6. Nc3
Be7 7. Bg5 Nxd4 8. Bxd7+ Nxd7 9. Bxe7 Nxf3+ 10. Qxf3 Qxe7 11. Nd5 Qd8 12. Rad1
O-O 13. Rd3 Nc5 14. Rc3 a5 15. a3 a4 16. Rd1 Ne6 17. Qf5 Nd4 18. Rxd4 exd4 19.
Rh3 h6 20. Rxh6 gxh6 21. Nf6+ Qxf6 22. Qxf6 Rfe8 23. f3 Re5 24. h4 Ra6 25. Qd8+
Kg7 26. Qxc7 Rc6 27. Qxb7 Rxc2 28. Qb4 d3 29. Qxd6 d2 30. Qxe5+ Kh7 31. Qf5+
Kg8 32. Qd7 Rc1+ 33. Kh2 d1=Q 34. Qe8+ Kg7 35. Qe5+ Kh7 36. Qf5+ Kg8 37. Qg4+
Kf8 38. Qf4 Rc6 39. Qb8+ Kg7 40. Qe5+ Kh7 41. Qf5+ Kg8 42. Qf4 Qc1 43. Qb8+ Kh7
44. Qe8 Qf4+ 45. Kg1 Rc1+ 46. Kf2 Rc2+ 47. Kg1 Qe3+ 48. Kh2 Qxf3 0-1

[Event "M21"]
[Site "?"]
[Date "2024.07.30"]
[Round "4"]
[White "Sokolovsky, Jakub"]
[Black "Dome, Michal"]
[Result "0-1"]
[ECO "C07"]
[WhiteElo "2032"]
[BlackElo "1932"]
[Annotator ",martin-koller@seznam"]
[PlyCount "70"]
[GameId "2074428205314569"]
[EventDate "2024.??.??"]
[TimeControl "240+2"]

{600MB, Fritz10.ctg} 1. e4 e6 2. d4 d5 3. Nd2 c5 4. Ngf3 cxd4 5. exd5 Qxd5 6. Bc4 Qd6 7. Qe2 Nf6 8. Nb3 Nc6 9. Bg5 a6 10. O-O-O Qc7 11. Nbxd4 Nxd4 12. Nxd4 Be7 13. Rhe1 h6 14. Bd2 O-O 15. Bd3 Rd8 16. Bc3 Nd5 17. Qe4 Bg5+ 18. Bd2 Nf6 19. Qf3 Bxd2+ 20. Rxd2 Rxd4 21. Bh7+ Kxh7 22. Rxd4 Bd7 23. Red1 Rc8 24. c3 Bc6 25. Qd3+ Kg8 26. g3 Bd5 27. Kb1 b5 28. h4 Rd8 29. Ka1 e5 30. Rb4 Rd7 31. Qe2 Bc4 32. Rxd7 Nxd7 33. Qe4 a5 34. Qa8+ Nf8 35. Rxc4 Qxc4 0-1

[Event "M21""]
[Site "?"]
[Date "2024.07.30"]
[Round "4"]
[White "Kalisky, Vladimir"]
[Black "Hanl, Frantisek"]
[Result "1/2-1/2"]
[ECO "B12"]
[WhiteElo "2128"]
[BlackElo "2098"]
[Annotator ",martin-koller@seznam"]
[PlyCount "67"]
[TimeControl "240+2"]

{600MB, Fritz10.ctg} 1. e4 c6 2. d4 d5 3. e5 Bf5 4. Nf3 e6 5. Be2 Nd7 6. O-O
Ne7 7. c3 h6 8. Nbd2 Bh7 9. b4 Nf5 10. Nb3 Be7 11. a4 O-O 12. h3 Qc7 13. Bf4 b6
14. Qd2 Rfd8 15. Ra2 c5 16. Rc1 c4 17. Na1 Nf8 18. Nc2 g5 19. Bh2 Ng6 20. Ne3
Nxe3 21. Qxe3 Bf8 22. Rf1 Bg7 23. Kh1 Ne7 24. Ne1 Nf5 25. Qd2 Qe7 26. Bg4 Bg6
27. f4 f6 28. Nf3 fxe5 29. Nxe5 Bxe5 30. fxe5 Rf8 31. Qe1 Rf7 32. Raf2 Raf8 33.
Kg1 Kg7 34. Bd1 neèitelné 1/2-1/2

[Event "M21"]
[Site "?"]
[Date "2024.07.30"]
[Round "4"]
[White "Vavrinec, Tomas"]
[Black "Adelmayer, Matti"]
[Result "0-1"]
[ECO "A26"]
[WhiteElo "1933"]
[BlackElo "1980"]
[Annotator ",martin-koller@seznam"]
[PlyCount "76"]
[TimeControl "240+2"]

{600MB, Fritz10.ctg} 1. Nf3 f5 2. c4 Nf6 3. Nc3 g6 4. g3 Bg7 5. Bg2 O-O 6. O-O
d6 7. d3 e5 8. Rb1 a5 9. a3 Nc6 10. b4 axb4 11. axb4 h6 12. b5 Ne7 13. Bb2 g5
14. c5 f4 15. b6 c6 16. Qb3+ Kh8 17. Ra1 Rxa1 18. Rxa1 d5 19. Nxe5 fxg3 20.
hxg3 Ng4 21. Nxg4 Bxg4 22. Nd1 d4 23. Bf1 Nf5 24. Ra7 Qf6 25. Rxb7 Nxg3 26.
Rxg7 Kxg7 27. b7 Qf4 28. Bxd4+ Qxd4 29. b8=Q Rxb8 30. Qxb8 Nxe2+ 31. Kh2 Qxc5
32. Ne3 Bf3 33. Qc7+ Kg6 34. Bh3 g4 35. Bxg4 Bxg4 36. Nxg4 Qh5+ 37. Kg2 Qxg4+
38. Kf1 Qe6 0-1

[Event "K21"]
[Site "?"]
[Date "2024.07.30"]
[Round "4"]
[White "Artamonov, Mikhail"]
[Black "Suchy, Ladislav"]
[Result "1/2-1/2"]
[ECO "C47"]
[WhiteElo "1800"]
[BlackElo "1856"]
[Annotator ",martin-koller@seznam"]
[PlyCount "32"]
[TimeControl "240+2"]

{600MB, Fritz10.ctg} 1. e4 e5 2. Nf3 Nf6 3. Nc3 Nc6 4. d4 exd4 5. Nxd4 Bb4 6.
Nxc6 bxc6 7. Bd3 O-O 8. O-O d5 9. f3 Re8 10. Kh1 Nh5 11. Qe2 Bc5 12. g3 Bh3 13.
Rd1 Qd7 14. Na4 Bd6 15. Qf2 Nf6 16. Nc3 Bb4 1/2-1/2

[Event "K21"]
[Site "?"]
[Date "2024.07.30"]
[Round "4"]
[White "Reichmann, Steffen"]
[Black "Nelson, Wayne"]
[Result "1-0"]
[ECO "B12"]
[WhiteElo "1951"]
[BlackElo "1886"]
[Annotator ",martin-koller@seznam"]
[PlyCount "29"]
[TimeControl "240+2"]

{600MB, Fritz10.ctg} 1. e4 c6 2. d4 d5 3. f3 e6 4. Be3 dxe4 5. Nd2 exf3 6.
Ngxf3 Nf6 7. Nc4 Nbd7 8. Bd3 Be7 9. Qe2 b6 10. Nce5 Bb7 11. Nxf7 Kxf7 12. Ng5+
Kg8 13. Nxe6 Qe8 14. Nc7 Qh5 15. Bc4+ 1-0